 Dungeon Crawl Stone Soup version 0.21.1-1-g345015f (webtiles) character file.

134 Monsterracer the Firebug (level 4, 18/18 HPs)
             Began as a Felid Fire Elementalist on Feb 10, 2018.
             Quit the game on level 3 of the Dungeon.
             The game lasted 00:10:18 (4640 turns).

Monsterracer the Firebug (Felid Fire Elementalist)  Turns: 4640, Time: 00:10:19

Health: 18/18      AC:  1    Str:  4    XL:     4   Next: 95%
Magic:  9/9        EV: 18    Int: 17    God:
Gold:   195        SH:  0    Dex: 17    Spells: 1/9 levels left
                                        Lives:  0   Deaths: 1

rFire    . . .     SeeInvis +   (weapon unavailable)
rCold    . . .     Gourm    .   (shield unavailable)
rNeg     . . .     Faith    .   (armour unavailable)
rPois    .         Spirit   .   (helmet unavailable)
rElec    .         Reflect  .   (cloak unavailable)
rCorr    .         Harm     .   (gloves unavailable)
MR       .....                  (boots unavailable)
Stlth    +++.......             (no amulet)
HPRegen  0.06/turn              l - ring of flight
MPRegen  0.11/turn              (no ring)

@: quick
A: very small, no armour, no weapons or thrown items, stealth, claws 1, fangs 3,
see invisible, carnivore, speed 1, shaggy fur 1, slow metabolism 1, sharp paws
a: Evoke Flight


You were on level 3 of the Dungeon.
You were not hungry.

You visited 1 branch of the dungeon, and saw 4 of its levels.

You collected 195 gold pieces.

Inventory:

Jewellery
 l - a ring of flight (left paw)
Scrolls
 b - 2 scrolls of remove curse
Potions
 d - 3 potions of might
 e - 2 potions of heal wounds
 i - 2 potions of resistance
 k - a potion of agility
 n - 3 potions of curing
Books
 a - a book of Flames

   Spells                             Type                      Level
   a - Flame Tongue                   Conjuration/Fire             1
   b - Throw Flame                    Conjuration/Fire             2
   c - Conjure Flame                  Conjuration/Fire             3
   d - Inner Flame                    Hexes/Fire                   3
   e - Sticky Flame                   Conjuration/Fire             4
   f - Fireball                       Conjuration/Fire             5
Comestibles
 c - 8 rations


   Skills:
 - Level 2.6 Dodging
 - Level 2.6 Stealth
 + Level 3.0 Spellcasting
 * Level 3.3 Conjurations
 * Level 4.4 Fire Magic


You had one spell level left.
You knew the following spells:

 Your Spells              Type           Power        Failure   Level  Hunger
a - Flame Tongue          Conj/Fire      ###..        3%          1    None
b - Conjure Flame         Conj/Fire      ###.....     11%         3    ###....
c - Sticky Flame          Conj/Fire      ###.....     34%         4    ####...


Dungeon Overview and Level Annotations

Branches:
Dungeon (4/15)
 Temple: D:4-7

Altars:
Yredelemnul
Zin

Annotations:
D:3 1 runed door
D:4 Edmund, Menkaure


Innate Abilities, Weirdness & Mutations

You cannot wear armour.
You are incapable of wielding weapons or throwing items.
Your paws allow you to move quietly. (Stealth)
You have sharp claws.
You have razor-sharp teeth.
You have supernaturally acute eyesight. (SInv)
You are carnivorous and can eat meat at any time.
You cover ground quickly.
You are covered in fur. (AC +1)
You have a slow metabolism.
Your sharp claws are effective at attacking unaware monsters.


Message History

Health restored: 21
Found a stone staircase leading down.
Casting: Flame Tongue
Confirm with . or Enter, or press ? or * to list all spells.
Aiming: Flame Tongue
Press: ? - help, Shift-Dir - straight line, f/p - Edmund
Aim: Edmund, wielding a flail of draining and wearing a leather armour (severely wounded)
The flame tongue hits Edmund.
Edmund is severely wounded.
Edmund misses you.
You now have 0/10 mp.
There is a stone staircase leading down here.
Found a fuming cyan potion.
You hear the drain falling apart.
Casting: Flame Tongue
Confirm with . or Enter, or press ? or * to list all spells.
Aiming: Flame Tongue
Press: ? - help, Shift-Dir - straight line, f/p - Edmund
Aim: Edmund, wielding a flail of draining and wearing a leather armour (severely wounded)
The flame tongue misses Edmund.
Edmund hits you with a flail of draining!
You feel drained.
* * * LOW HITPOINT WARNING * * *
You take 12 damage, and have 9/21 hp.
MASSIVE DAMAGE!!
You now have 1/10 mp.
Casting: Flame Tongue
Confirm with . or Enter, or press ? or * to list all spells.
Aiming: Flame Tongue
Press: ? - help, Shift-Dir - straight line, f/p - Edmund
Aim: Edmund, wielding a flail of draining and wearing a leather armour (severely wounded)
The flame tongue hits Edmund.
Edmund is severely wounded.
Edmund misses you.
You now have 0/10 mp.
There is a stone staircase leading down here.
The walls and floor vibrate strangely for a moment.
Casting: Flame Tongue
Confirm with . or Enter, or press ? or * to list all spells.
Aiming: Flame Tongue
Press: ? - help, Shift-Dir - straight line, f/p - Edmund
Aim: Edmund, wielding a flail of draining and wearing a leather armour (severely wounded)
The flame tongue hits Edmund.
Edmund is severely wounded.
Edmund says, "What use are spells, anyway?"
You now have 0/10 mp.
Edmund says, "You wouldn't believe how much I paid for this flail."
The worker ant twitches its antennae in your direction.
You scratch the worker ant.
The worker ant is lightly wounded.
The worker ant barely misses you. The worker ant closely misses you.
Casting: Flame Tongue
Confirm with . or Enter, or press ? or * to list all spells.
Aiming: Sticky Flame
Press: ? - help, Shift-Dir - straight line, f - worker ant, p - Edmund
Aim: a worker ant (lightly wounded)
You miscast Sticky Flame.
You are very lightly contaminated with residual magic.
Sparks fly from your paws! The worker ant closely misses you.
You now have 0/10 mp.
Casting: Sticky Flame
Confirm with . or Enter, or press ? or * to list all spells.
Okay, then.
The ogre shouts!
Found a ration.
A phantom comes into view.
The worker ant misses you.
Found a stone staircase leading down.
An orc comes into view.
The orc shouts!
The phantom blinks!
Found a stone staircase leading up.
Menkaure, Prince of Dust comes into view.
Menkaure shouts!
The phantom blinks!
The worker ant waves its antennae.
The phantom blinks!
Menkaure hits you!
* * * LOW HITPOINT WARNING * * *
You take 9 damage, and have 5/21 hp.
MASSIVE DAMAGE!!
There is a stone staircase leading up here.
The worker ant closely misses you.
You climb upwards.
Level annotation: 1 runed door
There is a stone staircase leading down here.
Casting: Sticky Flame
Confirm with . or Enter, or press ? or * to list all spells.
Aiming: Sticky Flame
Press: ? - help, Shift-Dir - straight line, f - worker ant
Aim: a worker ant The sticky flame hits the worker ant.
The worker ant is lightly wounded.
The worker ant is covered in liquid flames!
The worker ant burns!
The worker ant bites you.
* * * LOW HITPOINT WARNING * * *
The worker ant bites you.
You die...
You are now level 4!
You rejoin the land of the living...
Health restored: 18; MP restored: 9 Are you sure you want to abandon this character and quit the game? (Confirm with "yes".)

####### ####### #.....# ......#
#.....# ......# #.....# ......#
#.....# ......# #.....#
......##########.....######
................@.........#
.>.......######......####.#######
.........## ##......).#........
..........# #.................
..........#########.#.##)........
(.....................##.........
......##.....######.####.........
.........#.### #..###.........
....=#####.# ##.............


There were no monsters in sight!

Vanquished Creatures
  A bullfrog (D:3)
  2 worker ants (D:4)
  5 adders
  A dart slug (D:3)
  3 worms (D:2)
  4 leopard geckos
  7 orcs (D:4)
  9 bats
  4 giant cockroaches
  9 goblins
  11 hobgoblins
  2 jackals (D:3)
  2 quokkas
  A frilled lizard (D:3)
  A goblin skeleton (D:3)
  A goblin zombie (D:3)
  9 kobolds
  9 rats
81 creatures vanquished.

Vanquished Creatures (others)
  A plant (D:4)
1 creature vanquished.

Grand Total: 82 creatures vanquished

Notes
Turn   | Place    | Note
-------+----------+-------------------------------------------
     0 | D:1      | Monsterracer the Felid Fire Elementalist began the quest for the Orb.
     0 | D:1      | Reached XP level 1. HP: 7/7 MP: 4/4
    27 | D:1      | Reached skill level 1 in Conjurations
   295 | D:1      | Reached XP level 2. HP: 11/11 MP: 4/6
   361 | D:1      | Reached skill level 3 in Fire Magic
  1372 | D:2      | Reached XP level 3. HP: 14/14 MP: 1/7
  1377 | D:2      | Learned a level 3 spell: Conjure Flame
  2353 | D:3      | Noticed a bullfrog
  2400 | D:3      | Killed a bullfrog
  2400 | D:3      | Reached XP level 4. HP: 18/18 MP: 0/9
  2597 | D:3      | Reached XP level 5. HP: 15/21 MP: 0/10
  2613 | D:3      | HP: 10/21 [poisoned by an adder]
  2746 | D:3      | Learned a level 4 spell: Sticky Flame
  2814 | D:3      | Noticed a human
  2830 | D:3      | Reached skill level 4 in Fire Magic
  3072 | D:3      | HP: 9/21 [dart slug/slug dart (5)]
  3503 | D:3      | Found a runed door.
  3506 | D:3      | Found a basalt altar of Yredelemnul.
  3562 | D:3      | Noticed an angel
  3563 | D:3      | Found a glowing silver altar of Zin.
  3741 | D:4      | Noticed an ogre
  3748 | D:4      | Noticed Edmund
  3782 | D:4      | HP: 8/21 [worker ant (5)]
  3789 | D:4      | HP: 6/21 [poisoned by a worker ant]
  3796 | D:4      | HP: 4/21 [poisoned by a worker ant]
  3804 | D:4      | HP: 3/21 [poisoned by a worker ant]
  4000 | D:4      | HP: 6/21 [hobgoblin/club (5)]
  4010 | D:4      | HP: 5/21 [orc/dagger (2)]
  4144 | D:4      | HP: 10/21 [adder (3)]
  4149 | D:4      | HP: 8/21 [poisoned by an adder]
  4155 | D:4      | HP: 6/21 [poisoned by an adder]
  4163 | D:4      | HP: 5/21 [poisoned by an adder]
  4300 | D:4      | HP: 10/21 [giant cockroach (1)]
  4539 | D:4      | HP: 9/21 [Edmund/flail of draining (3)]
  4619 | D:4      | Noticed a phantom
  4627 | D:4      | Noticed Menkaure
  4631 | D:4      | HP: 5/21 [Menkaure (9)]
  4639 | D:3      | HP: 2/21 [worker ant (4)]
  4639 | D:3      | Slain by a worker ant
  4640 | D:3      | Reached XP level 4. HP: -3/18 MP: 1/9
  4640 | D:3      | Quit the game

Skill      XL: |  1  2  3  4  5 |
---------------+----------------+-----
Conjurations   | 1 2 3 |  3.3
Fire Magic     | 3 4 |  4.4
Spellcasting   | 3 |  3.0
Dodging        | |  2.6
Stealth        | |  2.6

Action                   |  1- 3 |  4- 6 || total
-------------------------+-------+-------++-------
Melee: Unarmed           |       |    21 ||    21
       Bite              |       |     1 ||     1
 Cast: Flame Tongue      |    85 |    96 ||   181
       Conjure Flame     |     2 |     4 ||     6
       Sticky Flame      |       |     4 ||     4
  Use: Scroll            |       |    13 ||    13
 Stab: Sleeping          |       |     1 ||     1
  Eat: Chunk             |    11 |     4 ||    15
Armor: Skin              |     1 |     7 ||     8
Dodge: Dodged            |    29 |    66 ||    95

Vault maps used:
D:1:      dpeg_arrival_shrine
D:3:      zin_angel, dk_yredelemnul_ordeal
D:4:      corexii_shack_village, portal_sewer_entry_e, uniq_edmund,
          uniq_menkaure
